 Dungeon Crawl Stone Soup version 0.23.0 (webtiles) character file.

Game seed: 3067252507478691632

5372 Jannitor the Slicer (level 10, -9/65 HPs)
             Began as a Kobold Chaos Knight on Feb 11, 2019.
             Was a Plaything of Xom.
             Mangled by a yak (10 damage)
             ... on level 9 of the Dungeon.
             The game lasted 00:14:26 (8904 turns).

Jannitor the Slicer (Kobold Chaos Knight)           Turns: 8904, Time: 00:14:28

Health: -9/65      AC: 10    Str: 18      XL:     10   Next: 97%
Magic:  12/12      EV: 17    Int: 16      God:    Xom [*.....]
Gold:   314        SH:  0    Dex: 19 (20) Spells: 9/9 levels left

rFire    + . .     SeeInvis +   J - +1 short sword of Uskayaw's Supremacy {elec, Int+3 Dex+4 SInv} (curse)
rCold    . . .     Gourm    .   (shield restricted)
rNeg     . . .     Faith    .   A - +0 ring mail {rF+}
rPois    +         Spirit   .   (helmet restricted)
rElec    .         Reflect  .   n - +0 cloak
rCorr    .         Harm     .   r - +1 pair of gloves
MR       .....                  I - +0 pair of boots
Stlth    ++++......             L - amulet of regeneration
HPRegen  0.60/turn              B - +6 ring of strength
MPRegen  0.13/turn              D - ring of poison resistance

@: no status effects
A: small, antennae 1, blurry vision 2, carnivore
a: Renounce Religion


You were on level 9 of the Dungeon.
You worshipped Xom.
You were a special plaything of Xom.
You were completely stuffed.

You visited 1 branch of the dungeon, and saw 9 of its levels.

You collected 613 gold pieces.
You spent 299 gold pieces at shops.

Inventory:

Hand Weapons
 a - a +0 short sword of chaos
 o - a +1 short sword of venom
 J - the cursed +1 short sword of Uskayaw's Supremacy (weapon) {elec, Int+3 Dex+4 SInv}
   (You found it on level 7 of the Dungeon)

   Occasionally, upon striking a foe, it will discharge some electrical energy
   and cause terrible harm.
   It affects your intelligence (+3).
   It affects your dexterity (+4).
   It lets you see invisible.
   It has a curse placed upon it.
Missiles
 E - 24 bolts
 G - a throwing net (quivered)
Armour
 b - a +2 leather armour
 n - a +0 cloak (worn)
 q - a +0 helmet
 r - a +1 pair of gloves (worn)
 x - a +0 leather armour of fire resistance
 A - a +0 ring mail of fire resistance (worn)
 I - a +0 pair of boots (worn)
Jewellery
 u - an uncursed ring of fire
 B - a +6 ring of strength (left hand)
 D - a ring of poison resistance (right hand)
 H - a cursed ring of attention {unknown}
 L - an amulet of regeneration (around neck)
Wands
 v - a wand of polymorph (6)
 F - a wand of enslavement (8)
 K - a wand of iceblast (4)
Scrolls
 i - 4 scrolls of immolation
 k - 3 scrolls of amnesia
 m - 5 scrolls of remove curse
 t - 3 scrolls of enchant armour
 w - 7 scrolls of identify
 C - 2 scrolls of fog
Potions
 d - 3 potions of brilliance {unknown}
 e - 3 potions of curing
 f - 2 potions of lignification {unknown}
 h - 2 potions of invisibility {unknown}
 j - a potion of ambrosia {unknown}
 l - 2 potions of agility {unknown}
 s - 2 potions of flight {unknown}
 z - a potion of mutation {unknown}
Comestibles
 c - 17 rations


   Skills:
 + Level 8.6 Fighting
 - Level 12.0 Short Blades
 + Level 5.1 Armour
 - Level 5.1 Dodging
 + Level 9.8 Stealth
 + Level 3.3 Evocations


You had 9 spell levels left.
You didn't know any spells.
Your spell library contained the following spells:

 Spells                   Type           Power        Failure   Level  Hunger
 Beastly Appendage        Tmut           #.....       38%         1    ##.....
 Sticks to Snakes         Tmut           #.......     54%         2    ###....
 Spider Form              Tmut/Pois      #.........   77%         3    ####...
 Ice Form                 Ice/Tmut       #.......     99%         4    #####..
 Blade Hands              Tmut           #.........   100%        5    ######.


Dungeon Overview and Level Annotations

Branches:
Dungeon (9/15)             Temple (0/1) D:7
   Lair: D:8-11         Orc: D:9-12

Altars:
Ashenzari
Cheibriados
Dithmenos
Kikubaaqudgha
Nemelex Xobeh
Okawaru
Sif Muna
Wu Jian
Xom
The Shining One
Beogh

Shops:
D:5 *   D:7 [

Annotations:
D:4 2 transporters, 3 runed translucent doors, LostNumber's ghost, amateur DsAK
D:5 1 runed translucent door, Crazy Yiuf
D:8 Gastronok


Innate Abilities, Weirdness & Mutations

You are small and have problems with some larger weapons.
You are carnivorous and can eat meat at any time.
You have a pair of small antennae on your head.
Scrolls take you longer to read.


Message History

The quasit claws you but does no damage.
The quasit closely misses you. The bullfrog hits you.
* * * LOW HITPOINT WARNING * * *
The killer bee completely misses you.
The crimson imp blinks!
The porcupine barely misses you. The yak gores you!
* * * LOW HITPOINT WARNING * * *
You feel better.
The killer bee stings you but does no damage.
The bullfrog hits you but does no damage.
The quasit closely misses you.
The quasit claws you but does no damage.
The quasit misses you. The yak gores you but does no damage.
The porcupine bites you!
* * * LOW HITPOINT WARNING * * *
Xom roars with laughter!
The killer bee stings you but does no damage.
The bullfrog hits you but does no damage.
The quasit barely misses you. x2; The quasit misses you.
The yak gores you!
You die...
Xom bursts into laughter!

...#....# ...'....##
####.....##
..........###
.......(....###
........<.....#####
......(.......'(..###
..............#5Fr..#
..........((c.#(@$..##
...........<..#yYY...#
...........5..#.5....#
..............'......#
####.........)#.....O#
#..........#.....##
#..........##..รท.#
#.....###'###....##.
#.....#..............


You could see 2 yaks, an ogre (wandering), a bullfrog, a porcupine, a killer
bee, a quasit and a crimson imp.

Vanquished Creatures
  Erica (D:8)
  Pikel (D:8)
  Maurice (D:8)
  Prince Ribbit (D:7)
  Sigmund (D:3)
  A shadow (D:9)
  A yak (D:9)
  Grum (D:8)
  A hungry ghost (D:8)
  A basilisk (D:9)
  Menkaure (D:7)
  2 porcupines
  2 orc warriors
  A sky beast (D:5)
  2 black bears
  A phantom (D:8)
  An ogre (D:6)
  3 wolves (D:8)
  A crocodile (D:9)
  3 bullfrogs
  A water moccasin zombie (D:7)
  A scorpion (D:6)
  4 wights
  3 howler monkeys (D:7)
  2 hounds (D:8)
  4 orc priests
  4 centaur skeletons
  2 jellies
  4 iguanas
  3 orc wizards
  Natasha (twice) (D:2)
  3 worker ants
  A worker ant zombie (D:5)
  A howler monkey skeleton (D:7)
  3 adders
  3 shadow imps
  3 worms
  5 dart slugs
  3 leopard geckos
  36 orcs
  2 ball pythons
  6 giant cockroaches
  8 goblins
  6 hobgoblins
  8 jackals
  4 quokkas
  7 bats
  3 frilled lizards
  11 kobolds
  12 rats
182 creatures vanquished.

Vanquished Creatures (collateral kills)
  A porcupine (D:9)
  An orc warrior (D:8)
  An ogre (D:6)
  2 orc priests (D:3)
  Ijyb (D:3)
  An orc wizard (D:6)
  An adder (D:9)
  A shadow imp (D:6)
  A leopard gecko (D:3)
  11 orcs
  A giant cockroach (D:3)
  A goblin (D:3)
  A jackal (D:9)
  A kobold (D:3)
  A quokka (D:3)
26 creatures vanquished.

Vanquished Creatures (others)
  A jackal (D:9)
  3 plants (D:9)
4 creatures vanquished.

Grand Total: 212 creatures vanquished

Notes
Turn   | Place    | Note
-------+----------+-------------------------------------------
     0 | D:1      | Jannitor the Kobold Chaos Knight began the quest for the
                  | Orb.
     0 | D:1      | Reached XP level 1. HP: 14/14 MP: 1/1
    65 | D:1      | XOM: harmless Hex miscast
   131 | D:1      | XOM: butterfly on damage
   143 | D:1      | XOM: silly message
   149 | D:1      | Reached XP level 2. HP: 10/19 MP: 2/2
   735 | D:1      | Reached XP level 3. HP: 21/23 MP: 3/3
   985 | D:1      | XOM: harmless Summ miscast
   986 | D:1      | XOM: smoke on damage
  1031 | D:2      | Reached skill level 5 in Short Blades
  1159 | D:2      | XOM: noise
  1184 | D:2      | Reached XP level 4. HP: 23/29 MP: 4/4
  1511 | D:2      | Found an iron altar of Okawaru.
  1511 | D:2      | Noticed Natasha
  1517 | D:2      | Killed Natasha
  1517 | D:2      | Reached skill level 1 in Stealth
  1619 | D:2      | Noticed Natasha
  1626 | D:2      | Killed Natasha
  1626 | D:2      | Reached XP level 5. HP: 33/33 MP: 5/5
  1695 | D:3      | Noticed Sigmund
  1697 | D:3      | XOM: potion effect (invisibility)
  1705 | D:3      | Killed Sigmund
  1705 | D:3      | Reached skill level 6 in Short Blades
  1705 | D:3      | Reached XP level 6. HP: 39/39 MP: 6/6
  1878 | D:3      | XOM: summons 6 friendly demons
  1922 | D:3      | XOM: divination: magic mapping
  1932 | D:3      | Reached skill level 7 in Short Blades
  1932 | D:3      | Reached XP level 7. HP: 31/44 MP: 7/7
  2049 | D:3      | Noticed Ijyb
  2053 | D:3      | Paralysed by Ijyb for 6 turns
  2063 | D:3      | Killed Ijyb
  2248 | D:3      | XOM: give mutations
  2248 | D:3      | Gained mutation: Scrolls take you a little longer to read.
                  | [Xom's mischief]
  2248 | D:3      | Gained mutation: Scrolls take you longer to read. [Xom's
                  | mischief]
  2248 | D:3      | Gained mutation: You have a pair of small antennae on your
                  | head. [Xom's mischief]
  2488 | D:4      | Found a transporter.
  2609 | D:4      | Found a transporter.
  2613 | D:4      | Noticed a fire bat
  2613 | D:4      | Noticed a fire bat
  2613 | D:4      | Noticed a fire bat
  2631 | D:4      | XOM: summons friendly white imp
  3147 | D:4      | Reached skill level 5 in Fighting
  3205 | D:4      | Found a runed translucent gate.
  3205 | D:4      | Found a runed translucent gate.
  3206 | D:4      | Found a runed translucent gate.
  3206 | D:4      | Noticed LostNumber's ghost (amateur DsAK)
  3365 | D:5      | Entered Level 5 of the Dungeon
  3410 | D:5      | XOM: 1-stop teleportation journey
  3569 | D:5      | XOM: confuse monster(s)
  3582 | D:5      | Found Tefracw's Assorted Antiques.
  3597 | D:5      | XOM: summons friendly ufetubus
  3601 | D:5      | Reached skill level 5 in Dodging
  3608 | D:5      | XOM: 5-stop teleportation journey
  3711 | D:5      | XOM: 3-stop teleportation journey
  3740 | D:5      | XOM: scenery: create altars
  3744 | D:5      | XOM: blink monster(s)
  3752 | D:5      | Reached skill level 8 in Short Blades
  3752 | D:5      | Reached XP level 8. HP: 36/49 MP: 8/8
  3865 | D:5      | XOM: harmless Tmut miscast
  3873 | D:5      | XOM: summons 2 hostile shadow creatures
  4070 | D:5      | Bought a runed ring mail for 161 gold pieces
  4070 | D:5      | Bought a scroll labeled KORUUTYPUCK for 23 gold pieces
  4070 | D:5      | Bought a potion of heal wounds for 115 gold pieces
  4421 | D:5      | Reached skill level 1 in Armour
  4569 | D:5      | Found a shadowy altar of Dithmenos.
  4672 | D:5      | Found a runed translucent door.
  4673 | D:5      | Noticed Crazy Yiuf
  4750 | D:5      | XOM: summons 4 hostile demons
  4769 | D:5      | XOM: smoke on damage
  5131 | D:6      | XOM: cleaving
  5252 | D:5      | XOM: enchant monster (good)
  5258 | D:5      | Reached skill level 5 in Stealth
  5317 | D:6      | XOM: harmless Necr miscast
  5447 | D:6      | XOM: enchant monster (good)
  5449 | D:6      | Reached skill level 9 in Short Blades
  5639 | D:6      | Found a deep blue altar of Sif Muna.
  5644 | D:6      | Found an ancient bone altar of Kikubaaqudgha.
  5764 | D:6      | XOM: summons friendly iron imp
  5810 | D:6      | Found an ornate altar of the Wu Jian Council.
  5811 | D:6      | Found a sparkling altar of Nemelex Xobeh.
  5843 | D:6      | Found a glowing golden altar of the Shining One.
  5844 | D:6      | Found a shattered altar of Ashenzari.
  5850 | D:6      | XOM: enchant monster (good)
  5851 | D:6      | Reached XP level 9. HP: 52/55 MP: 9/9
  6034 | D:6      | XOM: scenery: create altars
  6120 | D:6      | Found a snail-covered altar of Cheibriados.
  6178 | D:6      | XOM: scenery: create altars
  6310 | D:7      | Found Roptudac's Antique Armour Shoppe.
  6347 | D:7      | Found a staircase to the Ecumenical Temple.
  6355 | D:7      | Reached skill level 10 in Short Blades
  6373 | D:7      | XOM: harmless Erth miscast
  6463 | D:7      | Noticed Prince Ribbit
  6469 | D:7      | XOM: potion effect (curing)
  6471 | D:7      | Killed Prince Ribbit
  6641 | D:7      | Noticed Menkaure
  6648 | D:7      | Killed Menkaure
  6826 | D:7      | Got a transparent short sword
  6827 | D:7      | Identified the cursed +1 short sword of Uskayaw's Supremacy
                  | {elec, Int+3 Dex+4 SInv} (You found it on level 7 of the
                  | Dungeon)
  6855 | D:7      | XOM: silly message
  6936 | D:8      | XOM: divination: detect creatures
  7076 | D:8      | Noticed Grum
  7084 | D:8      | XOM: potion effect (invisibility)
  7086 | D:8      | Killed Grum
  7087 | D:8      | Reached skill level 11 in Short Blades
  7471 | D:8      | XOM: harmless Tloc miscast
  7481 | D:8      | Reached XP level 10. HP: 63/63 MP: 10/10
  7507 | D:8      | Noticed Pikel
  7532 | D:8      | XOM: divination: detect creatures
  7536 | D:8      | Killed Pikel
  7660 | D:8      | Reached skill level 12 in Short Blades
  7682 | D:8      | Noticed Maurice
  7689 | D:8      | Killed Maurice
  7718 | D:8      | XOM: potion effect (haste)
  7782 | D:8      | Found a roughly hewn altar of Beogh.
  8551 | D:9      | Noticed Gastronok
  8633 | D:9      | Reached skill level 1 in Evocations
  8640 | D:9      | XOM: enchant monster (bad)
  8651 | D:9      | XOM: cast spell 'Summon Mana Viper'
  8661 | D:9      | Noticed Erica
  8685 | D:8      | Killed Erica
  8685 | D:8      | Reached skill level 5 in Armour
  8815 | D:9      | XOM: harmless Conj miscast
  8817 | D:9      | XOM: medium Conj miscast
  8871 | D:8      | XOM: divination: detect creatures
  8903 | D:9      | HP: 3/65 [yak (12)]
  8904 | D:9      | HP: 1/65 [porcupine (9)]
  8904 | D:9      | Mangled by a yak

Skill      XL: |  1  2  3  4  5  6  7  8  9 10 |
---------------+-------------------------------+-----
Dodging        | 3 4 5 |  5.1
Short Blades   | 5 6 7 8 9 11 12 | 12.0
Stealth        | 1 3 4 6 7 9 |  9.8
Fighting       | 4 5 6 7 8 |  8.6
Armour         | 2 3 5 |  5.1
Evocations     | 3 |  3.3

Action                   |  1- 3 |  4- 6 |  7- 9 | 10-12 || total
-------------------------+-------+-------+-------+-------++-------
Melee: Short sword       |    97 |   146 |   403 |   129 ||   775
Evoke: Wand              |       |       |     3 |     9 ||    12
  Use: Scroll            |       |       |     9 |     1 ||    10
       Potion            |       |       |     2 |     8 ||    10
 Stab: Paralysed         |     1 |     3 |     3 |       ||     7
       Invisible         |       |     2 |     3 |       ||     5
       Sleeping          |       |     1 |     8 |     3 ||    12
       Confused          |       |       |     1 |       ||     1
       Petrified         |       |       |     3 |       ||     3
  Eat: Chunk             |     9 |     3 |    17 |    10 ||    39
Armor: Leather armour    |    20 |    24 |    19 |       ||    63
       Ring mail         |       |       |    41 |    48 ||    89
Dodge: Dodged            |    68 |    96 |   258 |   140 ||   562
